[Event "ICC tourney 2530 (3 2)"]
[Site "Internet Chess Club"]
[Date "2021.04.23"]
[Round "1"]
[White "WISNIOWSKI, NATALIE:K09-15702390"]
[Black "DARILEK, MILES:K09-30135218"]
[Result "1-0"]
[ICCResult "Black checkmated"]
[WhiteElo "1400"]
[BlackElo "1400"]
[Opening "QGD: Marshall defense"]
[ECO "D06"]
[NIC "QP.08"]
[Time "18:01:35"]
[PlyCount "101"]
[TimeControl "180+2"]

1. d4 d5 2. c4 Nf6 3. cxd5 Nxd5 4. Nf3 g6 5. e4 Bg7 6. exd5 Qxd5 7. Nc3 Qd8
8. Be2 O-O 9. O-O Nc6 10. Be3 Nb4 11. a3 c5 12. axb4 cxb4 13. Na2 b3 14.
Qxb3 Be6 15. Qc2 Rc8 16. Qd2 Qc7 17. Rfc1 Qd8 18. Rxc8 Qxc8 19. Rc1 Qb8 20.
Nc3 Qc7 21. d5 Bf5 22. h3 e6 23. dxe6 Bxe6 24. Nd5 Qd7 25. Rd1 Rd8 26. Ne7+
Kf8 27. Qxd7 Rxd7 28. Rxd7 Bxd7 29. Nd5 Bxb2 30. Bxa7 Kg7 31. Bd4+ Kf8 32.
Bxb2 Bc6 33. Bc4 Ke8 34. Ne5 Kd8 35. Nxc6+ bxc6 36. Nf6 Kc7 37. Bxf7 Kb6
38. Nxh7 Kb5 39. Bxg6 c5 40. h4 c4 41. h5 Kb4 42. h6 Kb3 43. Bf6 c3 44.
Bxc3 Kxc3 45. Nf6 Kd2 46. h7 Kd1 47. h8=Q Ke1 48. Qe8+ Kd2 49. Kf1 Kd1 50.
Qe2+ Kc1 51. Qc2# { Black checkmated } 1-0

[Event "ICC tourney 2530 (3 2)"]
[Site "Internet Chess Club"]
[Date "2021.04.23"]
[Round "1"]
[White "YUMA GRENDA, LUCAS:K12-30158654"]
[Black "ZHOU, ARTHUR:K09-17305955"]
[Result "1-0"]
[ICCResult "Black checkmated"]
[WhiteElo "1433"]
[BlackElo "1400"]
[Opening "Petrov's defense"]
[ECO "C42"]
[NIC "RG.03"]
[Time "18:01:47"]
[PlyCount "47"]
[TimeControl "180+2"]

1. e4 e5 2. Nf3 Nf6 3. Nxe5 Qe7 4. d4 Nxe4 5. Qg4 Nf6 6. Qe2 Qb4+ 7. c3 Qd6
8. Bf4 Qd5 9. Ng6+ Qe6 10. Qxe6+ fxe6 11. Nxh8 g6 12. Be2 Bg7 13. Nxg6 hxg6
14. Bxc7 Nc6 15. O-O Ne4 16. f3 Ng5 17. Bd3 Bf6 18. Bxg6+ Ke7 19. Nd2 e5
20. Ne4 Nxe4 21. fxe4 Bg5 22. Rf7+ Ke6 23. Raf1 Bf6 24. d5# { Black
checkmated } 1-0

[Event "ICC tourney 2530 (3 2)"]
[Site "Internet Chess Club"]
[Date "2021.04.23"]
[Round "1"]
[White "AVNER DEUTSCH, DAVID:K09-17126014"]
[Black "S SEALE, VLADIMIR:K09-30165604"]
[Result "1-0"]
[ICCResult "Black checkmated"]
[WhiteElo "1400"]
[BlackElo "1198"]
[Opening "QGD: Lasker variation"]
[ECO "D53"]
[NIC "QO.13"]
[Time "18:01:30"]
[PlyCount "143"]
[TimeControl "180+2"]

1. d4 d5 2. c4 e6 3. Nc3 Nf6 4. Bg5 Be7 5. e3 Ne4 6. Bxe7 Qxe7 7. Nxe4 dxe4
8. Qc2 f5 9. Ne2 Nc6 10. Nc3 Nxd4 11. exd4 O-O 12. O-O-O e5 13. dxe5 Qxe5
14. Qd2 Be6 15. Nd5 Rad8 16. Qf4 Qxf4+ 17. Nxf4 Rxd1+ 18. Kxd1 Rd8+ 19. Kc2
Bf7 20. Be2 g5 21. Nh3 h6 22. Rd1 Rxd1 23. Kxd1 g4 24. Nf4 c5 25. h3 h5 26.
hxg4 hxg4 27. Kc2 a6 28. g3 b5 29. cxb5 axb5 30. a3 b4 31. axb4 cxb4 32.
Bb5 b3+ 33. Kc3 Kf8 34. Bc4 Bxc4 35. Kxc4 Ke7 36. Kxb3 Kd6 37. Kc4 Ke5 38.
b4 Kd6 39. Kd4 e3 40. Kxe3 Kc6 41. Kd4 Kb5 42. Ke5 Kxb4 43. Kxf5 Kc4 44.
Kxg4 Kd4 45. Nh5 Ke5 46. f4+ Ke6 47. Kg5 Kf7 48. Kh6 Kg8 49. Nf6+ Kh8 50.
Nd5 Kg8 51. g4 Kf8 52. g5 Kg8 53. f5 Kf8 54. f6 Kg8 55. g6 Kf8 56. g7+ Kg8
57. f7+ Kxf7 58. Kh7 Ke6 59. g8=Q+ Ke5 60. Qf7 Kd6 61. Qf5 Kc6 62. Nf6 Kc7
63. Qe6 Kb7 64. Qd6 Ka8 65. Qb4 Ka7 66. Kg7 Ka8 67. Kf7 Ka7 68. Ke7 Ka6 69.
Nd5 Ka7 70. Kd7 Ka8 71. Kc7 Ka7 72. Qa4# { Black checkmated } 1-0

[Event "ICC tourney 2530 (3 2)"]
[Site "Internet Chess Club"]
[Date "2021.04.23"]
[Round "1"]
[White "REDDY ALEGONDA, ADVIK:K09-30160404"]
[Black "SURESH, ISAAC:K09-15949243"]
[Result "0-1"]
[ICCResult "White forfeits on time"]
[WhiteElo "1400"]
[BlackElo "1400"]
[Opening "Van't Kruijs opening"]
[ECO "A00"]
[Time "18:01:19"]
[PlyCount "70"]
[TimeControl "180+2"]

1. e3 f5 2. d4 g6 3. Nf3 Nf6 4. Ne5 Bg7 5. f3 O-O 6. Bc4+ e6 7. d5 Re8 8.
dxe6 dxe6 9. Qxd8 Rxd8 10. Nd2 Nh5 11. g4 Bxe5 12. gxh5 gxh5 13. f4 Bg7 14.
Nb3 Nc6 15. Bd2 Kf7 16. Bc3 Bxc3+ 17. bxc3 Kf6 18. Nc5 b6 19. Bxe6 bxc5 20.
Bxc8 Raxc8 21. Rd1 Rb8 22. Rxd8 Nxd8 23. Kd2 Rb2 24. Ra1 c4 25. Kc1 Rb6 26.
Rb1 Rxb1+ 27. Kxb1 Ke6 28. Kb2 Kd5 29. Ka3 Ke4 30. Kb4 Kxe3 31. Kxc4 Kxf4
32. Kc5 Ke4 33. c4 f4 34. Kb4 f3 35. Kc3 f2 { White forfeits on time } 0-1

[Event "ICC tourney 2530 (3 2)"]
[Site "Internet Chess Club"]
[Date "2021.04.23"]
[Round "1"]
[White "WANG, OLLI:K09-17042860"]
[Black "GELDIYEV, MEKAN:K12-30158418"]
[Result "1/2-1/2"]
[ICCResult "Game drawn by mutual agreement"]
[WhiteElo "1400"]
[BlackElo "1400"]
[Opening "Danish gambit"]
[ECO "C21"]
[NIC "KP.04"]
[Time "18:01:27"]
[PlyCount "127"]
[TimeControl "180+2"]

1. e4 e5 2. d4 exd4 3. c3 c5 4. cxd4 cxd4 5. Qxd4 Nf6 6. Nc3 Nc6 7. Qd1 Bb4
8. Bd2 Bxc3 9. Bxc3 Nxe4 10. Bd3 Nxc3 11. bxc3 Qa5 12. Qc2 O-O 13. Ne2 Qd5
14. Bxh7+ Kh8 15. Be4 Qe5 16. O-O b6 17. Nf4 Qxf4 18. Bxc6 dxc6 19. Qe2 Qg5
20. Qf3 Qf6 21. Qh5+ Qh6 22. Qf3 Bb7 23. Rad1 Rad8 24. Rde1 Rb8 25. Re7 c5
26. Qg3 Rbd8 27. Rxb7 Ra8 28. Qf3 Qf6 29. Qxf6 gxf6 30. Re1 Kh7 31. Ree7
Kg6 32. Rxa7 Rxa7 33. Rxa7 Rd8 34. h3 Rd1+ 35. Kh2 Rf1 36. f3 Rc1 37. Rb7
Rxc3 38. Rxb6 c4 39. Rb4 f5 40. Kg3 Kg5 41. h4+ Kh5 42. a4 Rc2 43. a5 Ra2
44. Rxc4 Rxa5 45. Rc7 f6 46. Rf7 Ra6 47. Kf4 Kg6 48. Rb7 Ra4+ 49. Kg3 f4+
50. Kg4 f5+ 51. Kh3 Kh5 52. Rf7 Kg6 53. Rf8 Ra2 54. h5+ Kxh5 55. Rxf5+ Kg6
56. Rxf4 Ra8 57. g4 Kg5 58. Re4 Rh8+ 59. Kg3 Rf8 60. Re5+ Kh6 61. Re6+ Kg5
62. f4+ Rxf4 63. Re5+ Rf5 64. gxf5 { Game drawn by mutual agreement }
1/2-1/2

[Event "ICC tourney 2530 (3 2)"]
[Site "Internet Chess Club"]
[Date "2021.04.23"]
[Round "1"]
[White "KUSHALNAGAR, NIRUPAM:K12-17349316"]
[Black "TRAN, NUGEN:K09-16809941"]
[Result "1-0"]
[ICCResult "Black forfeits on time"]
[WhiteElo "1400"]
[BlackElo "1400"]
[Opening "Queen's pawn: London system"]
[ECO "A45"]
[NIC "QP.07"]
[Time "18:01:10"]
[PlyCount "69"]
[TimeControl "180+2"]

1. d4 Nf6 2. Bf4 d5 3. e3 e6 4. Nf3 Bd6 5. Bg3 c5 6. c3 Nc6 7. Bd3 cxd4 8.
exd4 O-O 9. O-O Bxg3 10. hxg3 h6 11. Nbd2 Re8 12. Re1 Qd6 13. Ne5 Bd7 14.
f4 a6 15. g4 Bc8 16. g5 hxg5 17. fxg5 Nh7 18. Bxh7+ Kxh7 19. Qh5+ Kg8 20.
Qxf7+ Kh8 21. Qxe8+ Kh7 22. Qh5+ Kg8 23. g6 Nxe5 24. dxe5 Qc5+ 25. Kh1 Kf8
26. Qh8+ Ke7 27. Qxg7+ Kd8 28. Rf1 Bd7 29. Rf8+ Kc7 30. Rxa8 Kc6 31. Nb3
Qf2 32. Nd4+ Kc5 33. Rc8+ Kb6 34. Qxd7 Qh4+ 35. Kg1 { Black forfeits on
time } 1-0

[Event "ICC tourney 2530 (3 2)"]
[Site "Internet Chess Club"]
[Date "2021.04.23"]
[Round "1"]
[White "EHRENBERG, JOSHUA:K12-16538457"]
[Black "KANKEYAN, RISHEETH:K09-16597998"]
[Result "0-1"]
[ICCResult "White forfeits on time"]
[WhiteElo "1400"]
[BlackElo "1400"]
[Opening "Sicilian: Richter-Rauzer, Bondarevsky variation"]
[ECO "B60"]
[NIC "SI.27"]
[Time "18:01:20"]
[PlyCount "84"]
[TimeControl "180+2"]

1. e4 c5 2. Nf3 Nc6 3. d4 cxd4 4. Nxd4 Nf6 5. Nc3 d6 6. Bg5 g6 7. Bb5 Bd7
8. O-O Bg7 9. Nxc6 bxc6 10. Bc4 O-O 11. Qe2 Rb8 12. b3 Qc7 13. Rfe1 h6 14.
Bh4 g5 15. Bg3 Nh7 16. Qd3 Kh8 17. Rad1 Rbd8 18. Qf3 Nf6 19. e5 Bg4 20.
exd6 exd6 21. Bxd6 Rxd6 22. Rxd6 Bxf3 23. Rd3 Bh5 24. Rh3 Bg6 25. f4 Qxf4
26. Rf1 Qd4+ 27. Kh1 Qxc3 28. Be2 Qxc2 29. Bh5 Bxh5 30. Rxh5 Qe2 31. Rg1
Qxh5 32. h3 Ng4 33. Rf1 Ne3 34. Re1 Bd4 35. Kh2 Re8 36. Rf1 f5 37. Rc1 Ng4+
38. Kh1 Nf2+ 39. Kh2 Be5+ 40. Kg1 Bg3 41. Rf1 Nxh3+ 42. gxh3 Qxh3 { White
forfeits on time } 0-1

[Event "ICC tourney 2530 (3 2)"]
[Site "Internet Chess Club"]
[Date "2021.04.23"]
[Round "1"]
[White "BENDRE, SOHAN ANUP:K12-14940058"]
[Black "LAMPING, ANDREW:K09-16230258"]
[Result "1-0"]
[ICCResult "Black checkmated"]
[WhiteElo "1400"]
[BlackElo "1400"]
[Opening "Ruy Lopez: Caro variation"]
[ECO "C70"]
[NIC "RL.09"]
[Time "18:01:21"]
[PlyCount "119"]
[TimeControl "180+2"]

1. e4 e5 2. Nf3 Nc6 3. Bb5 a6 4. Ba4 b5 5. Bb3 Bb7 6. d3 f6 7. c3 Bc5 8.
O-O Nge7 9. Nbd2 Na5 10. Bc2 d5 11. b4 dxe4 12. dxe4 Bxb4 13. cxb4 Nac6 14.
a3 Nd4 15. Nxd4 Qxd4 16. Nb3 Qc4 17. Qd3 Qc6 18. Na5 Qb6 19. Nxb7 Qxb7 20.
Rd1 O-O 21. Bb3+ Kh8 22. Qe2 Qc6 23. Bb2 Qb6 24. Rac1 Ng6 25. g3 Ne7 26.
Bd5 Nxd5 27. Rxd5 c6 28. Rd6 Rad8 29. Rcd1 Rxd6 30. Rxd6 Qc7 31. Qd2 Re8
32. Rd7 Qc8 33. Qd6 h6 34. Qd2 Rf8 35. Rd6 Re8 36. Qc2 Re6 37. Rxe6 Qxe6
38. Qc5 Qd7 39. Qf8+ Kh7 40. Qc5 Qe6 41. Kg2 Qd7 42. Qc2 Qd6 43. Bc1 Qe6
44. Be3 Qd7 45. Qc5 Qe6 46. Qb6 Qc8 47. Qc5 Kg8 48. Qd6 Kh7 49. Bc5 Kg6 50.
Qd3 Kh7 51. Qf3 Kg6 52. h3 Kh7 53. Qh5 Qd8 54. Qf5+ Kg8 55. Qe6+ Kh7 56.
Qxc6 Qd3 57. Qb7 Qc2 58. Bf8 Kg6 59. Qxg7+ Kh5 60. Qxh6# { Black checkmated
} 1-0

[Event "ICC tourney 2530 (3 2)"]
[Site "Internet Chess Club"]
[Date "2021.04.23"]
[Round "1"]
[White "KLEIN, JACOB:K09-15995270"]
[Black "BIRADAVOLU, ASRITH:K12-14190950"]
[Result "0-1"]
[ICCResult "White forfeits on time"]
[WhiteElo "1400"]
[BlackElo "1400"]
[Opening "Sicilian defense"]
[ECO "B30"]
[NIC "SI.31"]
[Time "18:01:48"]
[PlyCount "94"]
[TimeControl "180+2"]

1. e4 c5 2. Nf3 Nc6 3. Bc4 g6 4. Nc3 Bg7 5. O-O d6 6. h3 Nf6 7. d3 O-O 8.
d4 cxd4 9. Nxd4 a6 10. Nxc6 bxc6 11. Re1 Qc7 12. f3 d5 13. exd5 cxd5 14.
Bxd5 Nxd5 15. Nxd5 Qc5+ 16. Be3 Qd6 17. Nc3 Qxd1 18. Raxd1 Bxc3 19. bxc3
Be6 20. Bh6 Rfd8 21. Rxd8+ Rxd8 22. g4 Rd2 23. Bxd2 Kf8 24. Bg5 f6 25. Bh6+
Kf7 26. f4 Bxa2 27. g5 f5 28. Ra1 Bc4 29. Kg2 Ke6 30. Bg7 Bb5 31. Re1+ Kd7
32. Bf8 Bc6+ 33. Kg3 e6 34. Bg7 Bd5 35. h4 Bc4 36. Rh1 Kd6 37. h5 Bd5 38.
Rh2 Be4 39. hxg6 hxg6 40. Rh6 Bxc2 41. Rxg6 a5 42. Rh6 Be4 43. Rh2 Kc5 44.
g6 Kc4 45. Bd4 a4 46. g7 Kb3 47. g8=Q a3 { White forfeits on time } 0-1

[Event "ICC tourney 2530 (3 2)"]
[Site "Internet Chess Club"]
[Date "2021.04.23"]
[Round "1"]
[White "MICHAEL BAR, NATHAN:K09-30163724"]
[Black "ANANTHARAMAN, AASHISH:K09-15992442"]
[Result "0-1"]
[ICCResult "White checkmated"]
[WhiteElo "1400"]
[BlackElo "1400"]
[Opening "Caro-Kann: Tartakower (Nimzovich) variation"]
[ECO "B15"]
[NIC "CK.06"]
[Time "18:01:29"]
[PlyCount "106"]
[TimeControl "180+2"]

1. e4 c6 2. d4 d5 3. Nc3 dxe4 4. Nxe4 Nf6 5. Nxf6+ exf6 6. Nf3 Bg4 7. Bc4
Be7 8. Bf4 O-O 9. O-O Nd7 10. Re1 Re8 11. a4 Nb6 12. Bb3 Nd5 13. Bg3 Qd7
14. c4 Nb4 15. h3 Bh5 16. Rc1 Qf5 17. Rc3 Na6 18. Rce3 Qd7 19. Qe2 Bxf3 20.
gxf3 Kf8 21. c5 Nc7 22. Bc4 Bd8 23. Rxe8+ Qxe8 24. Qxe8+ Nxe8 25. Bd6+ Nxd6
26. cxd6 Bb6 27. Re4 g6 28. d7 Rd8 29. d5 Rxd7 30. dxc6 bxc6 31. Re2 Rd1+
32. Kg2 Ra1 33. Rd2 Rxa4 34. Rd8+ Bxd8 35. Bd3 Rb4 36. Be2 Rxb2 37. Bf1 Bb6
38. Kh2 Rxf2+ 39. Kg3 Rxf1 40. Kg4 Rg1+ 41. Kf4 Bc7+ 42. Ke4 a5 43. Kd4 a4
44. Kc3 Bd6 45. Kb2 a3+ 46. Ka2 Rg2+ 47. Kb3 a2 48. Ka4 a1=Q+ 49. Kb3 Rb2+
50. Kc4 Qa4+ 51. Kc3 Rb3+ 52. Kc2 Qa2+ 53. Kc1 Rb1# { White checkmated }
0-1

[Event "ICC tourney 2530 (3 2)"]
[Site "Internet Chess Club"]
[Date "2021.04.23"]
[Round "1"]
[White "GERALD AVERY, JOHN:K09-16706744"]
[Black "NIRAG SHAH, ARYA:K12-17096474"]
[Result "0-1"]
[ICCResult "White forfeits on time"]
[WhiteElo "1400"]
[BlackElo "1400"]
[Opening "Sicilian: Canal-Sokolsky attack, 3...Bd7"]
[ECO "B52"]
[NIC "SI.01"]
[Time "18:01:19"]
[PlyCount "108"]
[TimeControl "180+2"]

1. e4 c5 2. Nf3 d6 3. Bb5+ Bd7 4. Bxd7+ Nxd7 5. O-O g6 6. c3 Bg7 7. d4 cxd4
8. cxd4 Ngf6 9. Nc3 O-O 10. Re1 Rc8 11. Bg5 Nb6 12. e5 dxe5 13. dxe5 Nfd5
14. Nxd5 Nxd5 15. Rc1 Rxc1 16. Qxc1 h6 17. Bh4 g5 18. Bg3 Qd7 19. Rd1 e6
20. h4 Rc8 21. Qd2 g4 22. Nh2 Qc6 23. Nxg4 Qc2 24. Qxc2 Rxc2 25. Rb1 h5 26.
Ne3 Nxe3 27. fxe3 Bf8 28. Be1 Bc5 29. Bf2 Kh7 30. a3 Kg6 31. b4 Bb6 32. a4
Kf5 33. a5 Bc7 34. b5 Bxe5 35. e4+ Kxe4 36. Bxa7 Ra2 37. Bb6 Bc3 38. Kh2
Bxa5 39. Bxa5 Rxa5 40. Kg3 Ra3+ 41. Kf2 f5 42. Ke2 Ra2+ 43. Kd1 e5 44. Kc1
Rxg2 45. Rb2 Rxb2 46. Kxb2 f4 47. Ka3 f3 48. Ka4 f2 49. Ka5 f1=Q 50. Kb6
Kd5 51. Ka7 Qxb5 52. Ka8 b6 53. Ka7 Qc6 54. Ka6 b5+ { White forfeits on
time } 0-1

[Event "ICC tourney 2530 (3 2)"]
[Site "Internet Chess Club"]
[Date "2021.04.23"]
[Round "1"]
[White "LEE, JOSHUA:K09-16260353"]
[Black "KUMAR TIBREWAL, AYUSH:K12-14952527"]
[Result "0-1"]
[ICCResult "White checkmated"]
[WhiteElo "1400"]
[BlackElo "1400"]
[Opening "Ponziani: Jaenisch counter-attack"]
[ECO "C44"]
[NIC "KP.05"]
[Time "18:01:38"]
[PlyCount "118"]
[TimeControl "180+2"]

1. e4 e5 2. Nf3 Nc6 3. c3 Nf6 4. d3 Be7 5. Be3 O-O 6. Be2 d5 7. O-O d4 8.
cxd4 exd4 9. Bf4 Bd6 10. Bxd6 Qxd6 11. Nbd2 Ng4 12. Nc4 Qh6 13. h3 Nf6 14.
Rc1 b5 15. Nce5 Nxe5 16. Nxe5 Qf4 17. Nf3 Be6 18. a3 a5 19. Nxd4 b4 20.
axb4 axb4 21. Nxe6 fxe6 22. Bf3 Rad8 23. Qb3 Qd6 24. Rfd1 Nd7 25. d4 Kh8
26. e5 Qb6 27. Rc6 Qb5 28. Rxe6 Rfe8 29. Rxe8+ Rxe8 30. Qc2 c5 31. dxc5
Nxc5 32. Rd5 Rc8 33. Bg4 Qb7 34. Bxc8 Qxd5 35. Qf5 Qd1+ 36. Kh2 Qd8 37. g4
Nd3 38. g5 Nxe5 39. Qxe5 Qxc8 40. h4 Qf8 41. Kg3 b3 42. h5 Qc8 43. g6 Qg8
44. h6 hxg6 45. hxg7+ Qxg7 46. Qb8+ Qg8 47. Qxb3 Qxb3+ 48. Kg4 Qxb2 49. Kg5
Qe5+ 50. Kxg6 Kg8 51. f4 Qe6+ 52. Kg5 Kf7 53. f5 Qe3+ 54. Kg4 Qe4+ 55. Kg5
Ke7 56. f6+ Ke6 57. Kh6 Qg4 58. Kh7 Kxf6 59. Kh8 Qg7# { White checkmated }
0-1

[Event "ICC tourney 2530 (3 2)"]
[Site "Internet Chess Club"]
[Date "2021.04.23"]
[Round "1"]
[White "XIONG, LANG:K09-16344675"]
[Black "NATHAN, KAPIL:K12-15120535"]
[Result "1-0"]
[ICCResult "Black checkmated"]
[WhiteElo "1400"]
[BlackElo "1400"]
[Opening "Trompowsky attack (Ruth, Opocenský opening)"]
[ECO "A45"]
[NIC "QP.07"]
[Time "18:01:28"]
[PlyCount "159"]
[TimeControl "180+2"]

1. d4 Nf6 2. Bg5 d5 3. Bxf6 exf6 4. e3 Bf5 5. c4 c6 6. Nc3 Bb4 7. Qb3 Bxc3+
8. Qxc3 O-O 9. Nf3 Nd7 10. cxd5 cxd5 11. Qb3 Nb6 12. Be2 Re8 13. O-O Be4
14. Rac1 Rc8 15. Bb5 Re7 16. Nd2 Rxc1 17. Rxc1 h6 18. Nxe4 Rxe4 19. Bd3 Re7
20. a4 Rc7 21. Rxc7 Qxc7 22. g3 Qc6 23. Bb5 Qd6 24. a5 Nd7 25. Bd3 b6 26.
axb6 Nxb6 27. Qb5 Qd7 28. Qxd7 Nxd7 29. Kg2 Kf8 30. Kf3 Ke7 31. Bb5 Nb6 32.
e4 Kd6 33. Be8 Ke7 34. Bc6 dxe4+ 35. Kxe4 Nc8 36. b4 Nd6+ 37. Kd5 Nc8 38.
Kc5 Ke6 39. d5+ Ke7 40. Kb5 Kd6 41. Ka6 Kc7 42. b5 g5 43. Be8 Nd6 44. Bc6
Kb8 45. b6 axb6 46. Kxb6 Kc8 47. Ba4 Ne4 48. f3 Nc3 49. Bc6 Kd8 50. d6 Ne2
51. Bd5 Kd7 52. Kc5 Ng1 53. Bc6+ Kd8 54. Kd4 Ne2+ 55. Ke4 Nc1 56. Kf5 Nd3
57. Kxf6 h5 58. Kxg5 Ne5 59. Bb5 Nxf3+ 60. Kxh5 Nxh2 61. Be2 Kd7 62. Kg5
Kxd6 63. Kf6 Kd5 64. Kxf7 Ke5 65. Kg6 Ke6 66. Kg5 Ke5 67. Kh4 Kf5 68. Kh3
Nf3 69. Bxf3 Kg5 70. Kg2 Kf5 71. g4+ Kg5 72. Kg3 Kh6 73. Kh4 Kg6 74. g5 Kg7
75. Kh5 Kh7 76. g6+ Kg7 77. Kg5 Kg8 78. Kh6 Kh8 79. g7+ Kg8 80. Bd5# {
Black checkmated } 1-0

[Event "ICC tourney 2530 (3 2)"]
[Site "Internet Chess Club"]
[Date "2021.04.23"]
[Round "1"]
[White "CHA, SAMUEL:K12-30048965"]
[Black "KONSTANTAKOS, CHRISTOS:K09-17130487"]
[Result "1-0"]
[ICCResult "Black resigns"]
[WhiteElo "1165"]
[BlackElo "1400"]
[Opening "QP counter-gambit (elephant gambit)"]
[ECO "C40"]
[NIC "KP.10"]
[Time "18:08:20"]
[PlyCount "41"]
[TimeControl "180+2"]

1. e4 e5 2. Nf3 d5 3. exd5 e4 4. Ng1 f6 5. Nc3 f5 6. d3 Nf6 7. dxe4 fxe4 8.
Bg5 Bf5 9. f3 exf3 10. Nxf3 Bd6 11. Bc4 O-O 12. O-O Bc5+ 13. Kh1 Kh8 14.
Ne5 Bg6 15. Nxg6+ hxg6 16. Qd3 Qe8 17. Rae1 Qd7 18. Qxg6 Na6 19. Bxf6 Rxf6
20. Rxf6 gxf6 21. Qxf6+ { Black resigns } 1-0

[Event "ICC tourney 2530 (3 2)"]
[Site "Internet Chess Club"]
[Date "2021.04.23"]
[Round "1"]
[White "PANIKKATH, ADITYA:K09-30103787"]
[Black "MELILLO, LUCIUS:K09-15570195"]
[Result "0-1"]
[ICCResult "White checkmated"]
[WhiteElo "1400"]
[BlackElo "1400"]
[Opening "Four knights: Italian variation"]
[ECO "C47"]
[NIC "RG.01"]
[Time "18:08:47"]
[PlyCount "102"]
[TimeControl "180+2"]

1. e4 e5 2. Nf3 Nf6 3. Nc3 Nc6 4. Bc4 Nxe4 5. Nxe4 d5 6. Bxd5 Qxd5 7. Nc3
Qd8 8. d3 Bd6 9. Bd2 O-O 10. Qe2 f6 11. O-O-O Bg4 12. h3 Nd4 13. Qe4 Nxf3
14. gxf3 Be6 15. Rhg1 Rf7 16. h4 Bf8 17. Qe1 Bd5 18. Nxd5 Qxd5 19. Kb1 Qxf3
20. Qe3 Qxe3 21. fxe3 Bc5 22. c3 Re7 23. d4 exd4 24. exd4 Bd6 25. Rge1 Rae8
26. Rxe7 Rxe7 27. Re1 Rxe1+ 28. Bxe1 g5 29. hxg5 fxg5 30. Bd2 g4 31. Kc2 g3
32. Be3 h5 33. Kd2 h4 34. Ke2 h3 35. Kf1 Kf7 36. c4 c6 37. c5 Bc7 38. b4
Ke6 39. Ke2 Kd5 40. Kf3 Kc4 41. a3 g2 42. Kf2 Bh2 43. Ke2 g1=Q 44. Bxg1
Bxg1 45. Kd2 h2 46. Ke2 h1=Q 47. Kd2 Qg2+ 48. Kc1 Bxd4 49. Kd1 Bc3 50. Kc1
Qb2+ 51. Kd1 Qd2# { White checkmated } 0-1

[Event "ICC tourney 2530 (3 2)"]
[Site "Internet Chess Club"]
[Date "2021.04.23"]
[Round "2"]
[White "ADEWUMI, TANITOLUWA:K12-16649696"]
[Black "XINZHE ZHANG, ALEXANDER:K09-16588540"]
[Result "1-0"]
[ICCResult "Black checkmated"]
[WhiteElo "1400"]
[BlackElo "1400"]
[Opening "Dutch"]
[ECO "A80"]
[NIC "HD.12"]
[Time "18:21:46"]
[PlyCount "39"]
[TimeControl "180+2"]

1. d4 f5 2. Nc3 Nf6 3. Bg5 e6 4. e4 fxe4 5. Nxe4 Be7 6. Bxf6 Bxf6 7. Nf3 c6
8. Nd6+ Kf8 9. Bd3 Be7 10. Nxc8 Qxc8 11. Ne5 Bf6 12. f4 d5 13. O-O Nd7 14.
c3 Ke7 15. Qg4 Nb6 16. Rae1 Bxe5 17. fxe5 g6 18. Qg5+ Kd7 19. Rf7+ Ke8 20.
Qe7# { Black checkmated } 1-0

[Event "ICC tourney 2530 (3 2)"]
[Site "Internet Chess Club"]
[Date "2021.04.23"]
[Round "2"]
[White "SAXENA, PRATHAM:K09-30155954"]
[Black "SREEJAN BAYYARAPU, MOHIT:K09-15582120"]
[Result "0-1"]
[ICCResult "White checkmated"]
[WhiteElo "1400"]
[BlackElo "1400"]
[Opening "Sicilian: Kan, 5.Nc3"]
[ECO "B43"]
[NIC "SI.43"]
[Time "18:21:24"]
[PlyCount "52"]
[TimeControl "180+2"]

1. e4 c5 2. Nf3 e6 3. Nc3 a6 4. d4 cxd4 5. Nxd4 Qc7 6. Be3 Bb4 7. f3 Bxc3+
8. bxc3 Qxc3+ 9. Bd2 Qxd4 10. c3 Qb6 11. Qe2 Nc6 12. Qd3 Qc7 13. Be2 b5 14.
O-O Bb7 15. Be3 Nge7 16. Qd2 Rd8 17. Rad1 d5 18. exd5 Nxd5 19. a3 Nxe3 20.
Qxe3 Rxd1 21. Rxd1 O-O 22. Rd3 Rd8 23. Rxd8+ Qxd8 24. f4 Qd5 25. Qc1 Nd4
26. cxd4 Qxg2# { White checkmated } 0-1

[Event "ICC tourney 2530 (3 2)"]
[Site "Internet Chess Club"]
[Date "2021.04.23"]
[Round "2"]
[White "PARK, EVAN:K09-15748464"]
[Black "SATISH UPPATHIL, ADITHYA:K09-30062860"]
[Result "1-0"]
[ICCResult "Black resigns"]
[WhiteElo "1400"]
[BlackElo "1400"]
[Opening "Sicilian: accelerated fianchetto, Maróczy bind, 6.Be3"]
[ECO "B38"]
[NIC "SI.33"]
[Time "18:22:16"]
[PlyCount "41"]
[TimeControl "180+2"]

1. e4 c5 2. Nf3 Nc6 3. d4 cxd4 4. Nxd4 g6 5. c4 Bg7 6. Be3 Nf6 7. Nc3 d6 8.
Be2 Qa5 9. O-O Qc7 10. Nc2 a6 11. f3 h5 12. Qd2 Ne5 13. b3 h4 14. h3 Nh5
15. f4 Nd7 16. Bxh5 Rg8 17. Bf3 Qa5 18. b4 Qa3 19. Nxa3 Bxc3 20. Qxc3 Ne5
21. fxe5 { Black resigns } 1-0

[Event "ICC tourney 2530 (3 2)"]
[Site "Internet Chess Club"]
[Date "2021.04.23"]
[Round "2"]
[White "CHOW, JOHANNES:K09-30063081"]
[Black "ALEXANDER MORGAN, CAMERON:K09-15934151"]
[Result "1-0"]
[ICCResult "Black checkmated"]
[WhiteElo "1400"]
[BlackElo "1400"]
[Opening "Sicilian: Scheveningen variation"]
[ECO "B80"]
[NIC "SI.19"]
[Time "18:22:16"]
[PlyCount "35"]
[TimeControl "180+2"]

1. e4 c5 2. Nf3 d6 3. d4 cxd4 4. Nxd4 Nf6 5. Nc3 e6 6. Bg5 Be7 7. f4 h6 8.
Bh4 b6 9. Bb5+ Nbd7 10. Nc6 Qc7 11. e5 dxe5 12. fxe5 Nd5 13. Nxd5 exd5 14.
Bxe7 Bb7 15. Bd6 Qc8 16. Qxd5 a6 17. O-O axb5 18. Qxf7# { Black checkmated
} 1-0

[Event "ICC tourney 2530 (3 2)"]
[Site "Internet Chess Club"]
[Date "2021.04.23"]
[Round "2"]
[White "ELIAS FALL, KHADIM:K09-15886147"]
[Black "GUO, ARTHUR:K12-14772092"]
[Result "0-1"]
[ICCResult "White resigns"]
[WhiteElo "1400"]
[BlackElo "1400"]
[Opening "Sicilian"]
[ECO "B50"]
[NIC "SI.01"]
[Time "18:22:11"]
[PlyCount "54"]
[TimeControl "180+2"]

1. e4 c5 2. Nf3 d6 3. Bc4 e6 4. O-O Nf6 5. Nc3 a6 6. Bd3 b5 7. a3 Bb7 8.
Qe2 c4 9. Bxc4 bxc4 10. Qxc4 Be7 11. d3 O-O 12. Bg5 Nbd7 13. Bxf6 Nxf6 14.
h3 d5 15. exd5 Nxd5 16. Nxd5 Bxd5 17. Qg4 f5 18. Qf4 Qb8 19. Qd2 Bxf3 20.
gxf3 Rf6 21. Qe3 Rg6+ 22. Kh1 Rh6 23. Rg1 Rxh3+ 24. Kg2 Rh6 25. Rh1 Rg6+
26. Kf1 Qxb2 27. c4 Qxa1+ { White resigns } 0-1

[Event "ICC tourney 2530 (3 2)"]
[Site "Internet Chess Club"]
[Date "2021.04.23"]
[Round "2"]
[White "Y NG, EUGENE:K09-17199947"]
[Black "ZONG, DAVIS:K09-14980186"]
[Result "0-1"]
[ICCResult "White resigns"]
[WhiteElo "1400"]
[BlackElo "1400"]
[Opening "KGD: classical variation"]
[ECO "C30"]
[NIC "KG.05"]
[Time "18:21:38"]
[PlyCount "38"]
[TimeControl "180+2"]

1. e4 e5 2. f4 Bc5 3. Nf3 d6 4. Bc4 Nf6 5. fxe5 dxe5 6. Nc3 O-O 7. d3 h6 8.
Bd2 Nc6 9. Qe2 Bg4 10. Be3 Nd4 11. Qf2 Nxc2+ 12. Kd2 Bxe3+ 13. Qxe3 Nxe3
14. Kxe3 Bxf3 15. gxf3 c6 16. Rhg1 b5 17. Bb3 Qd4+ 18. Ke2 Nh5 19. Rg2 Nf4+
{ White resigns } 0-1

[Event "ICC tourney 2530 (3 2)"]
[Site "Internet Chess Club"]
[Date "2021.04.23"]
[Round "2"]
[White "GOWDA, PRAKYATH:K09-16326375"]
[Black "C FOX, NOLAN:K12-30126081"]
[Result "1-0"]
[ICCResult "Black checkmated"]
[WhiteElo "1400"]
[BlackElo "1400"]
[Opening "two knights: Max Lange attack"]
[ECO "C50"]
[NIC "IG.02"]
[Time "18:21:31"]
[PlyCount "23"]
[TimeControl "180+2"]

1. e4 e5 2. Nf3 Nc6 3. Bc4 Bc5 4. O-O Nf6 5. d4 exd4 6. e5 Ne4 7. Qe2 O-O
8. Qxe4 d6 9. Ng5 g6 10. Qh4 h6 11. Qxh6 dxe5 12. Qh7# { Black checkmated }
1-0